Map: Submarine LE

Players

sasska - Winner!

  • Race: Terran Terran
  • League: Platinum
  • Spawn Location: 5:00

tasdoo

  • Race: Terran Terran
  • League: Silver
  • Spawn Location: 11:00

VOD

Have the link to the VOD?

Description

Long, drawn-out, TvT with "some" Nukes

Time

  • Played on: March 16, 2021, 3:36 p.m.
  • Length: 58:12
Show
View Real Time Build Order
Export as new Build Order

sasska Terran - Winner!

Build Orders:  

Get SALT Encoding   

  12  0:00  SCV  
  13  0:17  Supply Depot  
  13  0:18  SCV  
  14  0:30  SCV  
  15  0:40  Barracks  
  15  0:43  SCV  
  15  0:45  Refinery  
  16  0:55  SCV  
  17  1:07  SCV  
  18  1:20  SCV  
  19  1:36  Supply Depot  
  20  1:40  Reaper  
  20  1:42  SCV  
  21  1:51  Command Center  
  21  1:56  SCV  
  22  2:12  Factory  
  22  2:13  Marine  
  24  2:27  Orbital Command  
  23  2:45  Barracks Tech Lab  
  23  2:47  Barracks Reactor  
  23  3:16  Starport  
  23  3:28  Command Center  
  23  3:35  SCV  
  23  3:36  Barracks Tech Lab  
  24  3:49  SCV  
  25  3:56  SCV  
  26  4:17  Supply Depot  
  26  4:23  Engineering Bay  
  26  4:26  Engineering Bay, Barracks Tech Lab  
  26  4:28  Banshee  
  29  4:40  Cloaking Field  
  29  4:43  SCV  
  29  4:44  Refinery  
  30  4:47  Marine  
  31  4:55  SCV x2  
  33  5:02  Supply Depot  
  33  5:07  SCV  
  33  5:25  Supply Depot  
  33  5:26  Stimpack  
  33  5:28  Widow Mine  
  35  5:38  Marine  
  35  5:41  SCV  
  37  5:44  SCV  
  37  5:47  Refinery  
  37  5:48  SCV  
  39  5:51  Refinery  
  39  5:53  SCV  
  39  5:56  SCV  
  41  6:09  Terran Infantry Weapons Level 1  
  41  6:12  Starport Reactor  
  41  6:19  Barracks  
  41  6:21  Barracks  
  41  6:25  Barracks  
  41  6:28  SCV x3  
  44  6:34  Supply Depot  
  44  6:41  Supply Depot  
  44  6:43  Supply Depot  
  44  7:21  Marauder  
  46  7:25  Combat Shield  
  46  7:27  Barracks Reactor  
  46  7:28  Barracks Reactor  
  50  7:30  Widow Mine x2  
  50  7:37  Medivac x2, Factory  
  50  7:42  SCV x3  
  57  8:09  SCV x2  
  57  8:10  SCV  
  57  8:12  Marauder x2, Marine x3  
  65  8:13  Marine  
  65  8:28  SCV x3  
  65  8:32  Factory Tech Lab  
  68  8:34  Medivac x2  
  68  8:36  Marine x2  
  68  8:37  Marine x2  
  68  8:38  Marauder x2  
  80  8:43  Supply Depot  
  80  8:53  Refinery x2  
  80  8:54  Planetary Fortress  
  80  8:57  Orbital Command  
  80  8:58  SCV  
  81  9:05  Supply Depot  
  81  9:10  SCV  
  81  9:16  Marauder x2, Marine x4  
  90  9:21  Widow Mine x3  
  90  9:22  SCV  
  97  9:27  Supply Depot  
  97  9:30  Armory  
  97  9:35  SCV  
  98  9:40  SCV x2  
  100  9:47  SCV  
  100  9:51  Supply Depot  
  100  9:52  SCV  
  102  9:58  SCV  
  102  9:59  SCV  
  104  10:12  SCV x3  
  107  10:15  Widow Mine x3, Supply Depot  
  107  10:17  Marauder x2, Marine x4  
  107  10:20  Medivac x2  
  125  10:24  SCV  
  120  10:37  Supply Depot  
  102  11:48  Marauder, Marine x2  
  102  11:49  Marauder, Marine x2  
  102  11:51  Medivac  
  102  11:52  Medivac  
  102  11:53  Widow Mine  
  102  11:54  Widow Mine x2  
  118  11:56  Drilling Claws  
  118  12:40  Command Center, Terran Infantry Weapons Level 2  
  118  12:41  Terran Infantry Armor Level 1  
  118  12:42  Medivac x2  
  122  12:46  Refinery  
  122  12:50  Widow Mine x2  
  128  12:51  Widow Mine  
  128  12:56  Marauder x2, Marine x3  
  128  12:57  Marine  
  136  13:11  Refinery  
  136  13:15  Barracks  
  136  13:21  Barracks  
  136  13:25  Supply Depot x2  
  136  13:27  Supply Depot  
  136  13:50  Supply Depot  
  136  13:51  Supply Depot  
  134  14:09  Barracks Reactor  
  134  14:13  Barracks Reactor  
  134  14:14  Supply Depot  
  134  14:16  Viking x2  
  138  14:18  Smart Servos  
  138  14:22  Widow Mine x3  
  144  14:25  Marauder x2, Marine x2  
  144  14:26  Marine x2  
  122  15:28  Viking x2  
  126  15:38  Marauder x2, Marine x2  
  126  15:39  Marine x5  
  126  15:40  Marine  
  142  15:43  Widow Mine x3  
  144  16:02  Liberator  
  144  16:03  Liberator  
  152  16:04  Widow Mine  
  144  17:02  Command Center  
  144  17:07  Command Center  
  136  17:13  Command Center x2  
  130  18:18  Planetary Fortress  
  130  18:24  Planetary Fortress  
  130  18:28  Widow Mine x2  
  130  18:29  Widow Mine  
  126  19:57  Planetary Fortress  
  126  20:18  Marine x4  
  126  20:19  Marine x3  
  126  20:20  Marine  
  134  20:23  Marauder x2  
  138  20:34  Refinery  
  138  20:38  Refinery  
  138  20:44  SCV  
  138  20:46  SCV  
  140  20:52  Widow Mine x3  
  140  20:56  SCV  
  147  20:59  SCV  
  148  21:05  Refinery  
  148  21:06  Refinery  
  148  21:08  SCV  
  148  21:11  SCV  
  148  21:20  SCV  
  149  21:37  SCV  
  150  21:40  Missile Turret  
  150  21:49  SCV  
  149  22:04  Medivac x2  
  153  22:11  SCV  
  154  22:19  SCV  
  154  22:22  SCV  
  156  22:23  SCV  
  156  22:24  SCV  
  158  22:31  SCV  
  158  22:34  SCV  
  158  22:37  SCV  
  161  22:43  SCV  
  162  22:49  Marine x4  
  162  22:50  Marine x3  
  169  22:51  Marauder, Marine  
  169  22:52  Marauder  
  169  22:54  Widow Mine x3  
  169  22:55  Liberator x2  
  178  23:07  Marine x4  
  182  23:59  Hi-Sec Auto Tracking  
  182  24:00  Neosteel Armor  
  182  24:03  Medivac, Refinery  
  182  24:04  Medivac, Refinery  
  182  24:08  Marine x3  
  182  24:09  Marine x3  
  194  24:10  Marauder x2, Marine x2  
  194  24:15  Widow Mine  
  200  24:22  Supply Depot  
  200  24:23  Supply Depot  
  200  24:46  Supply Depot  
  158  25:13  Siege Tank  
  161  25:19  Widow Mine x2  
  165  25:45  Siege Tank  
  165  25:46  Terran Infantry Armor Level 2  
  165  25:47  Terran Infantry Weapons Level 3  
  164  26:21  Marine x2  
  164  26:22  Marine x5  
  164  26:23  Marine  
  164  26:24  Marauder x2  
  176  26:39  Marine x3  
  175  26:40  Marine x5  
  175  26:44  Marine  
  177  27:11  Marine x3  
  177  27:12  Marauder, Marine x3  
  177  27:13  Marauder, Marine x2  
  192  27:15  Siege Tank  
  192  27:16  Widow Mine x2  
  196  27:29  Marine x2  
  198  27:37  Widow Mine  
  196  28:17  Marine x2  
  196  28:18  Marauder x2, Marine x4  
  196  28:19  Marine x2  
  170  28:39  Marauder  
  162  28:49  Siege Tank  
  157  29:18  Starport x2  
  157  29:20  Starport  
  157  29:21  Siege Tank  
  157  29:23  Starport  
  131  29:41  Marauder x2, Marine x7  
  131  29:42  Marine  
  141  29:53  Siege Tank  
  141  29:58  Marine  
  141  29:59  Marine x4  
  149  30:02  Marauder x2  
  153  30:08  Starport Tech Lab x3  
  153  30:09  Starport Tech Lab  
  140  31:04  Marine x4  
  141  31:05  Marauder x2, Marine x4  
  143  31:21  Marine  
  143  31:22  Marine  
  143  31:24  Banshee x3  
  143  31:25  Banshee  
  157  31:31  Planetary Fortress  
  151  31:40  Marine x4  
  151  31:41  Marauder, Marine x4  
  156  32:07  Banshee x3  
  156  32:08  Banshee  
  168  32:50  Missile Turret  
  168  33:14  Terran Ship Weapons Level 1  
  168  33:17  Hyperflight Rotors  
  168  33:21  Banshee x3  
  168  33:22  Banshee  
  168  33:25  Medivac x2  
  146  35:44  Ghost Academy  
  146  35:56  Marauder x2, Marine x4  
  146  35:57  Marine x2  
  150  36:14  Ghost Academy, Marine x6  
  150  36:17  Barracks, Marine x2  
  158  36:32  Marine x6  
  163  36:44  Ghost Academy  
  161  37:06  Barracks  
  149  37:15  Ghost Academy  
  133  37:44  Marine x3  
  133  37:45  Marine x3  
  133  37:46  Marauder x2, Ghost Academy  
  143  37:55  Barracks  
  143  38:02  Marine x4  
  143  38:03  Marine x2  
  149  38:17  Ghost Academy  
  149  38:21  Medivac x2  
  149  38:25  Command Center  
  149  38:26  Command Center  
  153  38:27  Command Center  
  153  38:29  Command Center  
  153  38:33  Command Center  
  151  38:37  Command Center  
  141  38:45  Barracks  
  141  38:47  Ghost Academy  
  115  39:01  Marine  
  115  39:02  Marine x6  
  98  39:03  Marauder  
  78  39:19  Ghost Academy, Marine x2  
  78  39:20  Marine x2  
  78  39:21  Marauder  
  78  39:23  Siege Tank  
  87  39:34  Barracks  
  87  39:44  Marine x4  
  87  39:45  Marauder, Marine x3  
  96  39:49  Ghost Academy  
  83  40:01  Marine  
  83  40:02  Marine x4  
  83  40:03  Marine  
  83  40:04  Barracks Tech Lab x4  
  83  40:07  Personal Cloaking  
  89  40:08  Nuke x3  
  89  40:09  Nuke x4  
  89  40:21  Planetary Fortress  
  89  40:22  Planetary Fortress x3  
  89  40:23  Barracks  
  89  40:24  Missile Turret  
  89  40:28  Missile Turret  
  89  40:30  Planetary Fortress x2, Missile Turret  
  89  40:36  Missile Turret  
  89  40:37  Missile Turret  
  89  40:42  Refinery  
  89  40:44  Refinery  
  80  40:56  Missile Turret  
  71  41:04  Medivac x2  
  71  41:08  Ghost  
  71  41:09  Ghost x3  
  83  41:14  Command Center  
  83  41:16  Command Center, Missile Turret  
  83  41:27  Barracks  
  83  41:32  Nuke  
  83  41:34  Medivac  
  83  41:37  Ghost x2  
  89  42:16  Barracks  
  89  42:17  Ghost  
  89  42:18  Ghost x2  
  89  42:20  Barracks Tech Lab x2  
  60  43:05  Barracks  
  60  43:36  Marine x2  
  62  43:47  Ghost x6  
  74  43:53  Barracks, Nuke x6  
  74  43:54  Marine x2, Nuke  
  76  44:04  Barracks Reactor  
  76  44:05  Barracks Reactor  
  76  44:06  Barracks Reactor  
  76  44:12  Marine x2  
  78  44:17  Barracks  
  78  44:20  Barracks  
  78  44:22  Barracks  
  78  44:24  Barracks  
  78  44:25  Barracks x2  
  78  44:29  Marine  
  78  44:30  Marine  
  80  44:33  Barracks  
  80  44:41  Barracks  
  62  45:22  Marine x5  
  62  45:26  Ghost x6  
  71  45:30  Nuke x3  
  71  45:31  Barracks, Nuke x5  
  65  45:40  Marine x2  
  59  45:54  Ghost  
  59  46:09  Starport  
  59  46:11  Starport  
  59  46:18  Ghost  
  59  46:19  Ghost x4  
  59  46:21  Barracks x3  
  59  46:23  Barracks x3  
  69  46:28  Barracks  
  69  46:51  Barracks  
  61  47:15  Nuke  
  59  47:17  Nuke x2  
  59  47:18  Nuke x4  
  57  47:24  Barracks Reactor  
  57  47:26  Barracks Reactor  
  57  47:30  Barracks Reactor x4  
  57  47:38  Ghost x5  
  57  47:40  Barracks  
  59  48:29  Barracks  
  55  48:45  Command Center  
  55  48:48  Starport Reactor x2  
  55  48:51  Command Center  
  55  48:57  Ghost  
  55  48:58  Ghost x4  
  57  49:17  Barracks  
  57  49:20  Nuke x2  
  57  49:21  Nuke x2  
  57  49:26  Command Center  
  47  49:42  Orbital Command x2  
  47  49:44  Barracks Tech Lab  
  47  49:48  Ghost x6  
  56  50:42  Marine x4  
  58  50:55  Ghost x3  
  58  50:56  Ghost  
  66  51:20  Marine x4  
  66  51:21  Marine x7  
  66  51:22  Marine  
  66  51:23  Orbital Command  
  78  51:30  Command Center  
  78  51:38  Marine  
  79  51:43  Ghost  
  76  52:29  Nuke x5  
  76  52:30  Nuke  
  68  52:53  Ghost x4  
  68  52:54  Ghost x2  
  80  52:59  Medivac x4  
  80  53:05  Orbital Command  
  88  53:11  Orbital Command  
  88  53:22  Ghost x4  
  94  53:46  Marine x4  
  94  53:47  Marine x6  
  94  53:48  Marine  
  106  53:50  Marine  
  106  53:52  Orbital Command  
  106  54:04  Marine  
  102  54:11  Marine x6  
  102  54:12  Marine x2  
  100  54:22  Marine  
  76  54:43  Nuke x2  
  76  54:44  Nuke x7  
  68  54:45  Ghost x2  
  68  54:46  Ghost x4  
  68  54:50  Liberator x4  
  84  55:32  Liberator  
  84  55:33  Liberator  
  84  55:34  Engineering Bay  
  88  56:02  Missile Turret  
  88  56:03  Missile Turret  
  88  56:12  Ghost x2  
  88  56:13  Ghost x5  
  100  56:41  Ghost x3  
Show
View Real Time Build Order
Export as new Build Order

tasdoo Terran 

Build Orders: Reaper Expand 

Get SALT Encoding   

  12  0:02  SCV  
  13  0:14  SCV  
  14  0:22  Supply Depot  
  14  0:26  SCV  
  15  0:43  SCV  
  15  0:46  Barracks  
  16  0:52  Refinery  
  16  0:55  SCV  
  17  1:22  SCV  
  18  1:28  Engineering Bay  
  18  1:34  SCV  
  19  1:45  Reaper  
  20  1:55  Command Center  
  20  1:57  SCV  
  21  2:10  SCV  
  22  2:55  Barracks Tech Lab  
  22  3:18  Bunker  
  22  3:20  Marine  
  22  3:23  Orbital Command  
  22  3:24  Orbital Command  
  23  3:38  Marine  
  24  3:52  Supply Depot  
  24  3:55  Marine  
  24  3:56  SCV x2  
  27  4:08  SCV x2  
  29  4:15  Supply Depot  
  29  4:17  Stimpack  
  29  4:28  Factory  
  29  4:41  Sensor Tower  
  29  4:50  Missile Turret  
  29  4:57  Missile Turret  
  29  5:00  Marauder  
  31  5:12  Terran Infantry Weapons Level 1  
  31  5:14  Barracks  
  31  5:21  Marine  
  31  5:39  Marine  
  32  5:57  Marauder  
  32  6:01  Combat Shield  
  32  6:02  Barracks, Barracks Reactor  
  34  6:04  Factory Tech Lab  
  34  6:11  Refinery  
  34  6:18  Marine  
  35  6:28  SCV  
  35  6:30  Command Center  
  38  6:40  Marauder, SCV  
  38  6:42  Marine x2  
  41  6:49  Starport  
  41  6:52  SCV  
  41  7:00  Marine  
  40  7:31  Missile Turret  
  40  7:47  Sensor Tower  
  40  7:51  Marauder, Marine x2  
  40  7:53  Siege Tank  
  46  8:09  Marine x2  
  46  8:26  Widow Mine  
  48  8:31  Starport Reactor  
  48  8:45  SCV x2  
  50  8:57  SCV x2  
  50  8:59  Armory  
  50  9:01  Terran Infantry Armor Level 1  
  52  9:09  SCV x2  
  54  9:16  Medivac x2  
  58  9:21  SCV x2  
  60  9:32  Refinery  
  60  9:33  SCV x2  
  63  9:45  SCV x2  
  64  10:02  Marine x3  
  64  10:05  Concussive Shells  
  67  10:08  Drilling Claws  
  67  10:11  Terran Vehicle Weapons Level 1  
  67  10:20  Marine x2  
  67  10:21  Marauder  
  62  10:42  Marauder  
  54  11:06  Marine  
  54  11:07  Marine x2  
  57  11:15  Medivac x2  
  61  11:24  Marine x3  
  60  12:06  Siege Tank  
  63  12:22  Medivac  
  63  12:23  Medivac  
  67  12:33  SCV x2  
  67  12:34  Refinery  
  69  12:38  Planetary Fortress, Siege Tank  
  72  12:45  SCV x2  
  74  13:10  Siege Tank  
  77  13:27  Bunker  
  77  13:39  SCV x3  
  80  13:42  Siege Tank  
  83  13:51  SCV x2  
  85  13:58  Sensor Tower  
  85  14:04  Supply Depot  
  85  14:14  SCV x3  
  85  14:16  Terran Vehicle Weapons Level 2  
  88  14:17  Terran Infantry Weapons Level 2  
  88  14:26  SCV x2  
  88  14:27  Supply Depot  
  90  14:44  Barracks Reactor  
  90  14:56  Missile Turret  
  80  15:34  Bunker  
  80  15:39  Sensor Tower  
  80  15:42  Medivac  
  80  15:43  Medivac  
  80  15:46  Siege Tank  
  87  15:51  Marine x2  
  87  15:52  Marine x2  
  91  16:09  Marine x4  
  95  16:12  Liberator x2  
  95  16:13  Marine  
  95  16:18  Siege Tank  
  105  16:27  Marine x3  
  108  16:45  Marauder  
  102  17:06  Marauder  
  88  17:54  Command Center  
  88  18:03  Sensor Tower  
  88  18:07  Marine  
  89  18:22  Missile Turret  
  89  18:40  SCV x3  
  92  18:42  Missile Turret  
  92  18:52  SCV  
  82  19:36  Marine x5  
  85  19:47  Medivac x2  
  89  19:53  Marine  
  89  19:54  Marine x3  
  89  19:55  Marauder  
  95  20:11  Marine x2  
  95  20:12  Marine x2  
  98  20:16  Marauder  
  100  20:25  Command Center  
  100  20:29  Marine x4  
  104  20:37  Marauder  
  106  20:59  Marauder  
  108  21:33  Bunker  
  108  21:43  Bunker  
  107  21:49  Sensor Tower  
  107  22:03  Bunker  
  107  22:11  Bunker  
  107  22:13  Sensor Tower  
  107  22:15  Planetary Fortress  
  107  22:25  Missile Turret  
  107  22:39  Marine  
  107  22:40  Marauder, Marine x3  
  113  22:48  Refinery  
  113  22:51  Refinery  
  113  22:57  Marine x2  
  113  22:58  Marine x2  
  117  23:01  Marauder  
  113  23:14  Sensor Tower  
  113  23:15  Marine x3  
  116  23:23  Marauder  
  118  23:44  Marauder, Bunker  
  120  24:03  Marine x4  
  124  24:12  Supply Depot  
  124  24:17  Supply Depot x2  
  124  24:24  Terran Infantry Weapons Level 3  
  124  24:26  Terran Vehicle Weapons Level 3  
  124  24:33  Viking x2, Marine, Siege Tank  
  124  24:34  Marauder, Marine x3  
  124  24:36  Supply Depot  
  137  24:39  Supply Depot, Bunker  
  137  24:41  Supply Depot  
  137  24:51  Marine  
  137  24:52  Marine x3  
  141  24:56  Marauder  
  141  24:59  Supply Depot  
  136  25:03  Supply Depot  
  136  25:04  Supply Depot  
  136  25:06  Siege Tank  
  139  25:12  Marine x4  
  143  25:17  Marauder  
  145  25:27  Supply Depot  
  145  25:29  Marine  
  145  25:30  Marine  
  147  25:38  Siege Tank  
  147  25:39  Marauder  
  139  25:58  Command Center  
  139  26:00  Marauder  
  139  26:02  Bunker  
  141  26:05  Sensor Tower  
  141  26:07  Bunker  
  141  26:10  Widow Mine  
  136  26:48  Missile Turret  
  136  26:59  Marine x3  
  136  27:00  Marauder, Marine  
  142  27:03  Siege Tank  
  143  27:17  Marine x4  
  143  27:21  Marauder  
  149  27:35  Marine x2, Siege Tank  
  154  27:43  Marauder  
  156  28:04  Marauder  
  123  28:25  Marauder  
  120  28:54  Marine x5  
  123  29:11  Marine  
  123  29:12  Marine x4  
  109  29:29  Marine x2  
  109  29:30  Marine x2  
  109  29:31  Marauder  
  108  29:47  Marine x2  
  108  29:48  Reaper, Marine  
  108  29:52  Marauder  
  114  30:05  Marine x3  
  117  30:13  Marauder  
  119  30:19  Marine  
  120  30:23  Marine x3  
  123  30:35  Marauder  
  125  30:38  Reaper  
  123  30:56  Marauder  
  121  30:58  Planetary Fortress  
  121  31:44  Marine x3  
  121  31:45  Marauder, Marine  
  127  31:50  Medivac x2  
  129  32:02  Marine x2  
  129  32:06  Marauder  
  133  32:12  Refinery  
  133  32:14  Refinery  
  133  32:20  Medivac x2  
  137  32:28  Marauder  
  133  33:34  Marine x2  
  133  33:35  Marauder, Marine x2  
  133  33:38  Medivac x2  
  143  33:50  Siege Tank  
  143  33:52  Marine x3  
  143  33:53  Marine  
  150  33:57  Marauder  
  149  34:08  Medivac, Viking  
  152  34:10  Marine x4  
  142  34:18  Marauder  
  142  34:22  Siege Tank  
  137  34:38  Viking x2, Marine x4  
  143  34:39  Marauder  
  147  34:54  Siege Tank  
  147  34:55  Marine  
  147  34:56  Marine x3  
  150  35:01  Marauder  
  146  35:07  Liberator  
  146  35:08  Liberator  
  146  35:13  Marine x2  
  146  35:14  Marine x2  
  153  35:17  Missile Turret  
  153  35:20  Missile Turret x2  
  153  35:22  Marauder  
  153  35:26  Siege Tank  
  158  35:43  Marauder  
  158  35:49  Marine  
  140  35:50  Marine x3  
  144  36:05  Marauder  
  144  36:07  Marine  
  144  36:11  Barracks x3  
  147  36:27  Sensor Tower  
  147  36:30  Missile Turret  
  147  36:31  Missile Turret  
  147  36:33  Command Center, Missile Turret  
  147  36:35  Missile Turret  
  147  36:37  Missile Turret  
  147  36:38  Missile Turret  
  147  36:43  Bunker  
  147  36:45  Bunker  
  134  37:25  Marine x5  
  139  37:42  Marine  
  139  37:43  Marine x2  
  139  37:44  Marauder  
  137  38:05  Marauder  
  134  38:19  Marine x4  
  137  38:23  Thor  
  137  38:26  Marauder  
  146  38:37  Marine x4  
  150  38:48  Marauder  
  151  38:55  Marine  
  138  39:06  Thor  
  138  39:09  Marauder  
  131  39:27  Marine x4  
  131  39:31  Marauder  
  137  39:45  Marine x2  
  138  39:49  Hellion  
  138  39:52  Marauder  
  126  40:10  Hellion  
  128  40:32  Hellion  
  102  41:11  Marine x5  
  104  41:19  Marine  
  104  41:20  Marine x2  
  107  41:28  Marine x2  
  107  41:29  Marauder, Marine x2  
  113  41:37  Marine x2  
  113  41:38  Marine  
  113  41:39  Medivac x2  
  120  41:46  Marine x3  
  120  41:47  Marine  
  123  41:51  Marauder  
  126  41:55  Marine x3  
  125  42:04  Marine x4  
  129  42:09  Medivac x2  
  129  42:12  Marauder  
  129  42:13  Marine  
  135  42:34  Marauder  
  137  42:38  Liberator x2  
  135  43:06  Marine x5  
  135  43:07  Marine x2  
  98  43:21  Liberator x2  
  87  43:54  Marine x2  
  87  43:55  Marine x4  
  92  43:56  Marauder, Marine  
  96  44:04  Medivac x2  
  100  44:12  Marine x2  
  100  44:13  Marine x5  
  107  44:17  Marauder  
  109  44:30  Marine x4  
  113  44:39  Marauder  
  115  45:00  Marauder  
  67  45:22  Marauder  
  50  45:43  Marine x2  
  50  45:44  Marauder, Marine x5  
  59  46:05  Marauder  
  47  46:25  Marine x2  
  47  46:26  Marine x5  
  47  46:27  Marauder  
  56  46:43  Marine x3  
  56  46:44  Marine x4  
  63  46:48  Marauder  
  65  47:01  Marine x4  
  62  47:02  Marine x2  
  56  47:10  Marauder  
  53  47:31  Marauder  
  49  47:49  Terran Infantry Armor Level 2  
  49  47:52  Marauder, Marine x6  
  49  47:53  Marine  
  58  48:09  Marine  
  58  48:10  Marine x5  
  64  48:14  Marauder  
  66  48:35  Marauder  
  67  48:50  Marine x2  
  67  48:51  Marine x5  
  74  48:57  Marauder  
  76  49:08  Marine x3  
  76  49:09  Marine x4  
  82  49:18  Marauder  
  84  49:39  Marauder  
  86  50:19  Missile Turret  
  49  52:17  Marine x5  
  49  52:18  Marine x3  
  57  52:35  Marine x5  
  32  54:57  Medivac, Viking  
  36  55:00  Marine  
  38  55:27  Viking  
  38  56:04  Barracks  
  37  56:14  SCV  
  38  56:26  SCV  
  39  56:38  SCV  
Tags
 
Matchup
TvT
Race
Terran
Spawn Locations
Cross Positions
Add a new tag
Caveats
  • Supply blocks, unpowered buildings, or Contaminate may cause inaccurate times.
  • Supply counts are checked every 10 seconds.